 Dungeon Crawl Stone Soup version 0.29-a0-330-g52719c12eb (webtiles) character file.

Game seed: 1522781860134324603

132 Gwenloh the Sneak (level 5, 0/26 HPs)
             Began as a Vine Stalker Wanderer on Apr 23, 2022.
             Was an Initiate of Elyvilon.
             Slain by an iguana (6 damage)
             ... on level 4 of the Dungeon.
             The game lasted 00:06:22 (2184 turns).

Gwenloh the Sneak (Vine Stalker Wanderer)           Turns: 2184, Time: 00:06:23

Health: 0/26       AC:  4    Str: 14    XL:     5   Next: 15%
Magic:  0/7        EV: 11    Int: 10    God:    Elyvilon [......]
Gold:   257        SH:  0    Dex: 18    Spells: 6/6 levels left

rFire   . . .      SeeInvis .   b - +0 shortbow
rCold   . . .      Faith    .   (shield currently unavailable)
rNeg    . . .      Spirit   +   e - +0 leather armour
rPois   .          Reflect  .   (no helmet)
rElec   .          Harm     .   (no cloak)
rCorr   .          Rampage  .   c - +0 pair of gloves
Will    .....                   (no boots)
Stlth   +++.......              (no amulet)
HPRegen 0.88/turn               (no ring)
MPRegen 0.10/turn               (no ring)

@: no status effects
A: fangs 2, regeneration 1, magic shield, antimagic bite, no potion heal 2
a: Renounce Religion


You were on level 4 of the Dungeon.
You worshipped Elyvilon.
Elyvilon was noncommittal.
You visited 1 branch of the dungeon, and saw 4 of its levels.

You collected 257 gold pieces.

Inventory:

Hand Weapons
 a - a +0 vorpal hunting sling
 b - a +0 shortbow (weapon)
Armour
 c - a +0 pair of gloves (worn)
 e - a +0 leather armour (worn)
Scrolls
 f - a scroll of blinking {unknown}
 i - a scroll of torment
 l - a scroll of immolation
 m - a scroll of silence
 n - a scroll of amnesia {unknown}
 q - a scroll of enchant armour {unknown}
 r - a scroll of teleportation {unknown}
 s - a scroll of summoning {unknown}
 t - a scroll of fog {unknown}
 u - a scroll of enchant weapon {unknown}
 v - a scroll of fear {unknown}
Potions
 d - a potion of berserk rage
 g - 3 potions of mutation {unknown}
 h - a potion of flight {unknown}
 j - a potion of attraction {unknown}
 k - 2 potions of haste {unknown}
 o - a potion of invisibility {unknown}
 p - 2 potions of brilliance {unknown}


   Skills:
 + Level 1.9 Fighting
 - Level 2.6 Slings
 * Level 3.5 Bows
 - Level 1.0 Armour
 + Level 4.7 Stealth
 - Level 1.1 Spellcasting
 + Level 0.0 Invocations


You had 6 spell levels left.
You didn't know any spells.
Your spell library contained the following spells:

 Spells                   Type           Power      Damage    Failure   Level
 Sting                    Tmut/Pois      0%         1d3       38%         1
 Poisonous Vapours        Pois/Air       0%         N/A       54%         2
 Olgreb's Toxic Radiance  Pois           0%         N/A       99%         4


Dungeon Overview and Level Annotations

Branches:
Dungeon (4/15)
 Temple: D:4-7

Altars:
Ashenzari
Elyvilon
Gozag
Ru
Sif Muna

Annotations:
D:2 1 runed translucent door, Crazy Yiuf


Innate Abilities, Weirdness & Mutations

You have extremely sharp teeth.
Your natural rate of healing is unusually fast.
When hurt, damage is shared between your health and your magic reserves.
Your bite disrupts and absorbs the magic of your enemies.
Potions cannot restore your health.


Message History

The iguana is almost dead.
The iguana bites you! The iguana closely misses you.
You are too injured to fight recklessly!
You are too injured to fight recklessly!
Really attack while wielding your +0 shortbow? [Y]es or [N]o only, please.
Really attack while wielding your +0 shortbow? [Y]es or [N]o only, please.
Really attack while wielding your +0 shortbow? [Y]es or [N]o only, please.
Really attack while wielding your +0 shortbow? [Y]es or [N]o only, please.
Really attack while wielding your +0 shortbow?
Okay, then.
Unknown command.
Shoot: b) +0 shortbow
Press: ? - help, Q - select action Shift-Dir - straight line, f/p - iguana
Aim: an iguana (almost dead, 65% to hit)
You shoot an arrow. The arrow barely misses the iguana.
The iguana closely misses you.
Shoot: b) +0 shortbow
Press: ? - help, Q - select action Shift-Dir - straight line, f/p - iguana
Aim: an iguana (almost dead, 65% to hit)
You shoot an arrow. The arrow closely misses the iguana.
The iguana barely misses you. The iguana closely misses you.
Shoot: b) +0 shortbow
Press: ? - help, Q - select action Shift-Dir - straight line, f/p - iguana
Aim: an iguana (almost dead, 65% to hit)
You shoot an arrow.
The arrow hits the iguana but does no damage.
The iguana is almost dead.
The iguana hisses menacingly.
The iguana bites you but does no damage.
The iguana attacks as you move away! The iguana closely misses you.
The iguana hisses menacingly.
The iguana attacks as you move away! The iguana bites you.
The iguana attacks as you move away! The iguana bites you!
* * * LOW HITPOINT WARNING * * *
The iguana attacks as you move away! The iguana bites you.
You die...

#.......#.....##.#
.........########.#
...>.....########.#
...######.........#
..................#
..................#
...............†..######
#######.#...............
#@#........#######
..#########l#........#
............#........#
#############........#
#.....#........#
#.#...#####.#### #.....#
#.# #.#...# #.# #.#<..#
#.#


You could see an iguana.

Vanquished Creatures
  6 adders
  3 dart slugs
  6 bats
  7 endoplasms
  A giant cockroach (D:2)
  3 goblins
  9 hobgoblins
  4 jackals (D:3)
  6 kobolds
  4 quokkas
  8 ball pythons
  4 frilled lizards
  8 rats
69 creatures vanquished.

Notes
Turn   | Place    | Note
-------+----------+-------------------------------------------
     0 | D:1      | Gwenloh the Vine Stalker Wanderer began the quest for the
                  | Orb.
     0 | D:1      | Gwenloh set off with the following items: a +0 vorpal
                  | hunting sling, a +0 shortbow, a +0 pair of gloves, a potion
                  | of berserk rage, a +0 leather armour
     0 | D:1      | Reached XP level 1. HP: 9/9 MP: 3/3
    20 | D:1      | Reached XP level 2. HP: 14/14 MP: 4/4
   190 | D:1      | Reached skill level 4 in Stealth
   190 | D:1      | Found a faded altar of an unknown god.
   527 | D:1      | Reached skill level 1 in Fighting
   527 | D:1      | Reached XP level 3. HP: 18/18 MP: 5/5
  1052 | D:2      | Gained mutation: Your natural rate of healing is unusually
                  | fast. [Vine Stalker growth]
  1052 | D:2      | Reached XP level 4. HP: 12/22 MP: 3/6
  1445 | D:2      | Found a runed translucent door.
  1446 | D:2      | Noticed Crazy Yiuf
  1615 | D:3      | Found a sacrificial altar of Ru.
  1794 | D:3      | Found a broken altar of Ashenzari.
  1798 | D:3      | Reached XP level 5. HP: 26/26 MP: 7/7
  2110 | D:3      | Found an opulent altar of Gozag.
  2110 | D:3      | Found a shimmering blue altar of Sif Muna.
  2110 | D:3      | Found a white marble altar of Elyvilon.
  2123 | D:3      | Became a worshipper of Elyvilon the Healer
  2184 | D:4      | Slain by an iguana

Illustrated notes

Levels and vault maps discovered:
D:1:      lightli_arrival_noodles, layout_rooms,
          ebering_ecumenical_altar_petrified
D:2:      layout_loops_ring, minmay_hexomino_u4, uniq_crazy_yiuf_cottage
D:3:      layout_basic, nicolae_overflow_hidden_temple,
          mainiacjoe_overflow_concentric_impassable
D:4:      minmay_goblin_kobold_castle, layout_basic

Skill      XL: |  1  2  3 |
---------------+----------+-----
Bows           | 2 3 |  3.5
Stealth        | 4 |  4.7
Fighting       | 1 |  1.9
Slings         | |  2.6
Armour         | |  1.0
Spellcasting   | |  1.1

Action                   |  1- 3 |  4- 6 || total
-------------------------+-------+-------++-------
 Fire: Shortbow          |    81 |   105 ||   186
  Use: Scroll            |       |     3 ||     3
Armor: Leather armour    |    17 |    23 ||    40
Dodge: Dodged            |    19 |    42 ||    61

Table legend: (Time is in decaauts)
 A = Elapsed time spent in this place.
 B = Non-inter-level travel time spent in this place.
 C = Inter-level travel time spent in this place.
 D = Time resting spent in this place.
 E = Time spent auto-exploring this place.
 F = Levels seen in this place.
 G = Mean time per level.
                   A        B        C        D        E       F      G
               +--------+--------+--------+--------+--------+-----+--------+
         Total |   2256 |   2181 |     75 |     51 |   1682 |   4 |  564.0 |
       Dungeon |   2256 |   2181 |     75 |     51 |   1682 |   4 |  564.0 |
               +--------+--------+--------+--------+--------+-----+--------+

Top non-repeatable levels by time:
     D:2: 1070 daAuts
     D:1: 592 daAuts
     D:3: 441 daAuts
     D:4: 152 daAuts
